 Dungeon Crawl Stone Soup version 0.28-a0-69-g49dcd67cf8 (webtiles) character file.

Game seed: 256014924722536008

53 jasper the Stinger (level 3, -1/24 HPs)
             Began as a Demonspawn Venom Mage on July 31, 2021.
             Slain by a goblin (3 damage)
             ... led by Robin
             ... on level 1 of the Dungeon.
             The game lasted 00:03:17 (1342 turns).

jasper the Stinger (Demonspawn Venom Mage)          Turns: 1342, Time: 00:03:18

Health: -1/24      AC:  1    Str:  8    XL:     3   Next: 64%
Magic:  3/6        EV: 12    Int: 17    God:
Gold:   59         SH:  0    Dex: 15    Spells: 2/6 levels left

rFire   . . .      SeeInvis .   i - +1 hand axe
rCold   . . .      Faith    .   (no shield)
rNeg    . . .      Spirit   .   a - +0 robe
rPois   .          Reflect  .   (no helmet)
rElec   .          Harm     .   (no cloak)
rCorr   +          Rampage  .   (no gloves)
Will    +....                   (no boots)
Stlth   ++........              (no amulet)
HPRegen 0.08/turn               b - ring of willpower
MPRegen 0.10/turn               h - ring of resist corrosion

@: no status effects
A: ignite blood 1, agile 1, deformed body, deterioration 1, screaming 1
a: no special abilities


You were on level 1 of the Dungeon.
You visited 1 branch of the dungeon, and saw 2 of its levels.

You collected 59 gold pieces.

Inventory:

Hand Weapons
 i - a +1 hand axe (weapon)
Missiles
 d - 39 sling bullets
 g - 5 javelins
Armour
 a - a +0 robe (worn)
Jewellery
 b - a ring of willpower (left hand)
 h - a ring of resist corrosion (right hand)


   Skills:
 - Level 1.7 Dodging
 - Level 1.7 Stealth
 - Level 2.0 Spellcasting
 + Level 0.0 Conjurations
 - Level 2.3 Transmutations
 + Level 0.0 Air Magic
 * Level 3.9 Poison Magic


You had 2 spell levels left.
You knew the following spells:

 Your Spells              Type           Power      Damage    Failure   Level
a - Sting                 Tmut/Pois      48%        1d5       5%          1
b - Mephitic Cloud        Conj/Pois/Air  6%         N/A       32%         3

Your spell library contained the following spells:

 Spells                   Type           Power      Damage    Failure   Level
 Poisonous Vapours        Pois/Air       16%        N/A       13%         2
 Olgreb's Toxic Radiance  Pois           15%        N/A       36%         4
 Cause Fear               Hex            0%         N/A       88%         4
 Dragon Form              Tmut           4%         N/A       100%        7
 Dragon's Call            Summ           0%         N/A       100%        9


Dungeon Overview and Level Annotations

Branches:
Dungeon (2/15)

Altars:

Annotations:
D:1 Robin


Innate Abilities, Weirdness & Mutations

Your demonic aura sometimes causes spilled blood to erupt in flames.
You are agile. (Dex +2)
Armour fits poorly on your strangely shaped body.
Your body sometimes deteriorates upon taking damage.
You occasionally shout uncontrollably at your foes.


Message History

Aim: a goblin, wielding a +0 club (strong, 64% to hit)
The sting hits the goblin.
The goblin is poisoned.
The goblin is severely wounded.
The hobgoblin barely misses you. The hobgoblin hits you.
Robin's bangles clink loudly.
The goblin hits you but does no damage. The goblin hits you with a +0 club.
You take 7 damage, and have 10/24 hp.
MASSIVE DAMAGE!!
You now have 5/6 mp.
Casting: Sting (safe; 5% risk of failure)
Confirm with . or Enter, or press ? or * to list all spells.
Aiming: Sting (safe; 5% risk of failure)
Press: ? - help, Shift-Dir - straight line, f/p - goblin
Aim: a goblin, wielding a +0 club (severely wounded, strong, poisoned, 64% to hit)
The sting hits the goblin.
The goblin looks even sicker.
You kill the goblin!
The hobgoblin barely misses you. The hobgoblin misses you.
The goblin barely misses you.
You now have 4/6 mp.
The goblin no longer looks unusually strong.
Robin roars a battlecry!
The goblin goes into a battle-frenzy!
Things that are here:
a +0 club; a goblin corpse Robin throws the goblin at you!
The goblin hits you but does no damage.
Casting: Sting (safe; 5% risk of failure)
Confirm with . or Enter, or press ? or * to list all spells.
Aiming: Sting (safe; 5% risk of failure)
Press: ? - help, Shift-Dir - straight line, f - goblin
Aim: a goblin, wielding a +0 club (heavily wounded, strong, 64% to hit)
The sting misses the goblin.
The hobgoblin hits you.
* * * LOW HITPOINT WARNING * * *
The goblin hits you with a +0 club.
* * * LOW HITPOINT WARNING * * *
You take 8 damage, and have 2/24 hp.
MASSIVE DAMAGE!!
You now have 3/6 mp.
You aren't carrying any scrolls.
Really quaff the potion of mutation?
You feel extremely strange.
Your body twists and deforms.
You feel yourself wasting away.
You feel the urge to shout.
You feel agile. The hobgoblin closely misses you.
The goblin hits you with a +0 club.
You die...

#.....#####...## ##.....#####..#
#...#....#.....####..##### ##...#
#...###..[..........## #.>..#
#.....#.#....)......## ##.#..#
....#...#.#..........# #..#..#
#.#................#.######......
#.#...###.....####........#......
..............#####..............
.###...#..#....g@ggg.............
## #.#........#####.......#......
#.#...#.#.).#...##...###......
##...#...#.#.[...##...###......
##........#.##....##...........#
##..##...#...##............#.#..#
#..##.....##.#..................#
#.###........................##.#
..##..##..#....>.............##.#


You could see Robin, 2 hobgoblins and a goblin (strong).

Vanquished Creatures
  A gnoll shaman (D:1)
  A worm (D:2)
  An endoplasm (D:1)
  2 goblins (D:1)
  2 jackals (D:2)
  3 quokkas (D:1)
  2 ball pythons (D:1)
  5 bats (D:1)
  A frilled lizard (D:1)
  2 kobolds
  2 rats (D:1)
22 creatures vanquished.

Notes
Turn   | Place    | Note
-------+----------+-------------------------------------------
     0 | D:1      | jasper the Demonspawn Venom Mage began the quest for the
                  | Orb.
     0 | D:1      | Reached XP level 1. HP: 13/13 MP: 3/3
    30 | D:1      | Reached skill level 1 in Transmutations
   383 | D:1      | Gained mutation: Your demonic aura sometimes causes spilled
                  | blood to erupt in flames. [demonic ancestry]
   383 | D:1      | Reached XP level 2. HP: 17/19 MP: 0/5
  1238 | D:1      | Reached XP level 3. HP: 19/24 MP: 0/6
  1242 | D:1      | Learned a level 3 spell: Mephitic Cloud
  1318 | D:2      | Noticed Robin
  1342 | D:1      | Gained mutation: Armour fits poorly on your strangely
                  | shaped body. [potion of mutation]
  1342 | D:1      | Gained mutation: Your body sometimes deteriorates upon
                  | taking damage. [potion of mutation]
  1342 | D:1      | Gained mutation: You occasionally shout uncontrollably at
                  | your foes. [potion of mutation]
  1342 | D:1      | Gained mutation: You are agile. (Dex +2) [potion of
                  | mutation]
  1342 | D:1      | Slain by a goblin

Illustrated notes

Levels and vault maps discovered:
D:1:      sevenhm_arrival_forest_fort_small_6, layout_rooms
D:2:      layout_rooms, serial_bayou_pond_c, uniq_robin

Skill      XL: |  1  2 |
---------------+-------+-----
Transmutations | 1 2 |  2.3
Dodging        | |  1.7
Stealth        | |  1.7
Spellcasting   | |  2.0
Poison Magic   | |  3.9

Action                   || total
-------------------------++-------
Melee: Hand axe          ||     9
 Cast: Sting             ||    58
  Use: Scroll            ||     3
       Potion            ||     2
Armor: Robe              ||     5
Dodge: Dodged            ||    49

Table legend: (Time is in decaauts)
 A = Elapsed time spent in this place.
 B = Non-inter-level travel time spent in this place.
 C = Inter-level travel time spent in this place.
 D = Time resting spent in this place.
 E = Time spent auto-exploring this place.
 F = Levels seen in this place.
 G = Mean time per level.
                   A        B        C        D        E       F      G
               +--------+--------+--------+--------+--------+-----+--------+
         Total |   1344 |   1279 |     65 |    367 |    642 |   2 |  672.0 |
       Dungeon |   1344 |   1279 |     65 |    367 |    642 |   2 |  672.0 |
               +--------+--------+--------+--------+--------+-----+--------+

Top non-repeatable levels by time:
     D:1: 1081 daAuts
     D:2: 263 daAuts
